Map: [ESL] Glittering Ashes

Players

ShoWTimE - Winner!

  • Race: Protoss Protoss

SpeCial

  • Race: Terran Terran

Event: IEM Katowice 2022

VOD

Have the link to the VOD?

Description

Time

  • Played on: Feb. 24, 2022, 11:56 a.m.
  • Length: 13:32

All games in this series

Show
View Real Time Build Order
Export as new Build Order

ShoWTimE Protoss - Winner!

Build Orders: 1 Gate Expand, Oracle Opening 

Get SALT Encoding   

  12  0:00  Probe  
  13  0:12  Probe  
  14  0:17  Pylon  
  14  0:24  Probe (Chrono Boost)  
  16  0:36  Gateway, Probe (Chrono Boost)  
  16  0:43  Probe (Chrono Boost)  
  16  0:46  Assimilator  
  17  0:50  Probe  
  18  1:03  Probe  
  19  1:15  Probe  
  20  1:26  Cybernetics Core  
  20  1:35  Nexus  
  20  1:38  Probe  
  21  1:42  Pylon  
  21  1:50  Probe  
  21  1:52  Assimilator  
  22  2:00  Adept (Chrono Boost)  
  22  2:02  Probe  
  25  2:14  Probe  
  26  2:23  Stargate  
  26  2:25  Adept (Chrono Boost)  
  26  2:26  Probe  
  28  2:37  Shield Battery, Warp Gate  
  28  2:38  Probe  
  29  2:47  Probe (Chrono Boost)  
  29  2:49  Adept  
  33  2:56  Probe (Chrono Boost)  
  34  2:58  Probe (Chrono Boost)  
  34  3:03  Probe (Chrono Boost)  
  34  3:04  Probe (Chrono Boost)  
  33  3:05  Oracle (Chrono Boost)  
  36  3:13  Probe  
  36  3:14  Probe  
  38  3:21  Adept  
  38  3:25  Probe  
  41  3:29  Pylon, Probe  
  42  3:37  Probe  
  42  3:41  Probe  
  44  3:44  Oracle (Chrono Boost)  
  44  3:47  Pylon  
  47  3:49  Probe  
  48  3:57  Assimilator, Probe  
  48  4:01  Gateway, Probe  
  50  4:09  Probe  
  51  4:10  Pylon  
  51  4:14  Probe  
  52  4:17  Gateway  
  52  4:21  Probe  
  53  4:26  Probe  
  54  4:33  Probe  
  54  4:35  Nexus  
  54  4:38  Probe  
  56  4:45  Probe  
  56  4:50  Probe  
  56  4:58  Probe  
  48  5:00  Phoenix  
  48  5:01  Stalker  
  48  5:02  Probe  
  48  5:05  Twilight Council, Assimilator  
  53  5:08  Forge  
  53  5:10  Probe  
  53  5:11  Stalker  
  56  5:14  Sentry  
  56  5:16  Probe  
  59  5:22  Probe  
  59  5:25  Phoenix (Chrono Boost)  
  59  5:28  Shield Battery  
  62  5:29  Probe  
  62  5:34  Probe  
  64  5:37  Gateway, Protoss Ground Armor Level 1 (Chrono Boost)  
  64  5:40  Gateway  
  64  5:41  Probe  
  65  5:46  Probe  
  65  5:47  Charge (Chrono Boost), Phoenix (Chrono Boost)  
  70  5:59  Probe  
  69  6:08  Gateway  
  69  6:10  Sentry x2  
  73  6:14  Gateway  
  73  6:21  Gateway  
  73  6:24  Stalker  
  75  6:28  Gateway  
  75  6:30  Pylon  
  75  6:33  Probe  
  75  6:34  Probe x2, Shield Battery  
  78  6:42  Zealot x3  
  84  6:52  Zealot x2  
  88  6:56  Pylon  
  88  6:59  Probe  
  88  7:00  Pylon, Probe  
  90  7:02  Probe  
  90  7:08  Zealot  
  93  7:11  Pylon  
  93  7:13  Pylon  
  93  7:14  Probe  
  94  7:19  Pylon, Zealot  
  94  7:20  Zealot  
  98  7:24  Templar Archives  
  98  7:25  Zealot  
  100  7:31  Phoenix  
  102  7:40  Protoss Ground Weapons Level 1 (Chrono Boost)  
  102  7:41  Zealot x5  
  112  7:49  Probe x2  
  112  7:50  Probe  
  115  7:52  Robotics Facility  
  115  8:02  Pylon  
  115  8:03  Pylon, High Templar x3  
  115  8:04  High Templar  
  123  8:06  Probe x2  
  123  8:07  Assimilator x2  
  123  8:08  Archon x2  
  125  8:13  Blink (Chrono Boost), Probe  
  125  8:14  Pylon  
  125  8:16  Zealot x3  
  132  8:20  Pylon  
  132  8:35  Pylon  
  132  8:37  Pylon  
  132  8:43  Pylon  
  132  8:44  Observer (Chrono Boost)  
  132  8:46  Robotics Bay  
  133  8:50  Robotics Facility  
  133  8:51  Nexus  
  133  8:53  Pylon  
  133  8:54  Stalker x3  
  140  9:03  Observer (Chrono Boost)  
  140  9:05  Stalker x2  
  140  9:06  Stalker x2  
  148  9:15  Zealot x2  
  146  9:21  Probe x2  
  146  9:22  Probe  
  145  9:28  Stalker x4  
  147  9:33  Probe x2  
  153  9:45  Colossus (Chrono Boost)  
  153  9:49  Probe x2  
  153  9:50  Probe  
  153  9:52  Shield Battery  
  156  9:55  Zealot x4  
  164  10:02  Colossus (Chrono Boost), Observer  
  164  10:03  Extended Thermal Lance  
  170  10:09  Protoss Ground Weapons Level 2 (Chrono Boost)  
  170  10:18  Stalker x2  
  170  10:21  Zealot x2  
  176  10:26  Zealot x2  
  178  10:28  Stalker  
  178  10:31  Zealot  
  178  10:32  Zealot  
  174  10:42  Photon Cannon  
  174  10:47  Zealot x3  
  165  10:52  Zealot x4  
  165  10:56  Colossus (Chrono Boost)  
  169  11:02  Probe  
  169  11:03  Probe x2  
  162  11:11  Zealot x5  
  150  11:13  Probe  
  150  11:14  Probe  
  150  11:15  Probe  
  161  11:19  Dark Shrine  
  161  11:24  Forge  
  160  11:27  Zealot x3  
  160  11:28  Zealot  
  168  11:38  Colossus (Chrono Boost), Zealot x2  
  172  11:44  Zealot x3  
  150  11:54  Warp Prism  
  152  12:04  Zealot x7  
  152  12:08  Assimilator  
  166  12:11  Assimilator  
  166  12:17  Gateway  
  166  12:18  High Templar x2  
  166  12:19  Gateway  
  166  12:22  Archon  
  170  12:25  High Templar  
  170  12:26  High Templar x3  
  170  12:27  Pylon  
  177  12:30  Archon  
  177  12:31  Archon  
  177  12:36  Zealot x3  
  181  12:43  Disruptor x2 (Chrono Boost)  
  187  12:52  Nexus  
  187  12:53  High Templar x2  
  187  12:54  Pylon, Observer  
  191  12:59  Archon  
  191  13:01  Zealot x4  
  179  13:20  Zealot x3  
  161  13:27  Zealot x6  
Show
View Real Time Build Order
Export as new Build Order

SpeCial Terran 

Build Orders:  

Get SALT Encoding   

  12  0:00  SCV  
  13  0:12  SCV  
  14  0:17  Supply Depot  
  14  0:24  SCV  
  15  0:38  SCV  
  15  0:39  Barracks  
  16  0:44  Refinery  
  16  0:50  SCV  
  17  1:00  Barracks  
  17  1:04  SCV  
  18  1:17  SCV  
  19  1:27  Reaper  
  19  1:29  Orbital Command  
  20  1:38  Supply Depot  
  20  1:47  Reaper  
  21  1:55  SCV  
  22  2:04  Reaper  
  22  2:08  SCV  
  24  2:15  Command Center  
  24  2:20  SCV  
  24  2:22  Refinery, Marine  
  26  2:32  SCV  
  26  2:35  Marine  
  28  2:41  Factory  
  28  2:45  Supply Depot, SCV  
  28  2:49  Marine  
  30  2:53  Marine  
  31  3:05  SCV  
  31  3:07  Marine  
  31  3:11  Marine  
  33  3:17  SCV  
  34  3:25  Marine  
  35  3:27  Widow Mine  
  35  3:29  Orbital Command, Marine  
  35  3:32  Starport  
  38  3:34  SCV  
  36  3:43  Marine  
  36  3:46  SCV  
  37  3:49  Widow Mine, Marine  
  37  3:55  SCV  
  40  3:58  Supply Depot  
  40  3:59  SCV  
  41  4:07  SCV  
  42  4:10  Widow Mine, Medivac  
  42  4:11  SCV  
  47  4:19  SCV  
  47  4:21  Barracks Tech Lab  
  47  4:23  SCV  
  49  4:24  Bunker  
  49  4:27  Supply Depot  
  49  4:29  Barracks Reactor  
  49  4:31  SCV  
  50  4:33  Widow Mine  
  50  4:35  SCV  
  50  4:37  Barracks  
  53  4:41  Marine, Stimpack  
  53  4:43  SCV  
  55  4:47  SCV  
  51  4:55  SCV  
  48  5:02  Factory Tech Lab  
  48  5:05  SCV  
  48  5:06  Marine x3  
  52  5:07  SCV  
  53  5:16  Liberator  
  53  5:17  SCV  
  53  5:19  SCV  
  58  5:22  Refinery  
  58  5:23  Marine  
  58  5:24  Marine x2  
  58  5:28  Factory Reactor  
  61  5:29  SCV  
  61  5:31  SCV, Engineering Bay  
  63  5:40  Supply Depot  
  63  5:41  Marine x3  
  63  5:42  SCV  
  67  5:43  SCV  
  68  5:54  SCV  
  68  5:55  SCV  
  68  5:59  Marine x3  
  68  6:01  Combat Shield  
  65  6:06  SCV, Marine  
  65  6:08  SCV  
  65  6:09  Medivac x2  
  72  6:13  Supply Depot  
  72  6:17  Marine x3  
  72  6:18  SCV  
  76  6:21  Terran Infantry Weapons Level 1  
  76  6:24  Marine  
  76  6:26  SCV  
  77  6:34  Widow Mine  
  77  6:35  Marine x3  
  77  6:37  Supply Depot  
  82  6:40  Command Center  
  82  6:42  SCV, Marine  
  84  6:52  Marine  
  84  6:53  Marine, Marauder  
  85  6:57  SCV  
  85  6:59  SCV, Medivac x2  
  85  7:00  Supply Depot, Marauder  
  93  7:08  Factory Reactor  
  93  7:09  SCV  
  94  7:21  SCV, Marine x2  
  99  7:22  Barracks  
  99  7:23  Barracks, Marauder x2  
  99  7:24  SCV  
  99  7:27  Supply Depot  
  102  7:44  SCV, Refinery  
  102  7:49  Marauder, Reaper, Marine x2, Liberator  
  110  7:52  Widow Mine x2, SCV  
  110  7:54  Orbital Command  
  110  7:56  SCV  
  116  8:04  Liberator  
  119  8:06  Marine x2  
  119  8:07  SCV  
  119  8:08  SCV  
  119  8:11  Marauder  
  125  8:15  Widow Mine  
  125  8:18  Supply Depot x2  
  125  8:19  SCV  
  125  8:20  SCV x2  
  125  8:22  Barracks Reactor  
  125  8:24  Marine x2  
  125  8:25  Barracks Tech Lab  
  129  8:31  SCV, Terran Infantry Armor Level 1  
  129  8:32  SCV x2  
  132  8:40  Marauder x2  
  135  8:42  Supply Depot x2, Marine x2  
  135  8:44  SCV x2  
  135  8:45  Concussive Shells  
  135  8:46  Marauder  
  135  8:47  SCV  
  142  8:54  Refinery  
  142  8:55  Refinery  
  142  8:56  SCV x2  
  142  8:57  Widow Mine x2  
  142  8:59  SCV  
  142  9:00  Marine  
  149  9:03  Marine, Medivac x2, Marauder  
  149  9:09  Marine x2  
  138  9:19  SCV, Marine  
  138  9:20  Marauder x2  
  138  9:21  Widow Mine x2, Marine  
  144  9:24  SCV  
  144  9:28  SCV  
  141  9:31  SCV  
  141  9:32  Marine, Marauder  
  141  9:34  Medivac  
  141  9:39  Marine x2  
  141  9:41  Marine, Marauder  
  141  9:42  Widow Mine x2  
  150  9:50  Supply Depot  
  150  9:53  Supply Depot  
  150  9:54  Medivac  
  150  9:58  Marine x4, Ghost Academy  
  156  10:01  Marine  
  161  10:07  Widow Mine x2  
  161  10:11  SCV x3  
  164  10:15  Supply Depot  
  164  10:22  Marine x4  
  164  10:23  SCV  
  164  10:28  Ghost x2  
  169  10:29  Ghost  
  169  10:33  Widow Mine x2  
  174  10:39  SCV x2  
  174  10:40  Marine  
  174  10:41  SCV  
  165  10:51  Marine  
  165  10:55  Widow Mine, Medivac x2  
  166  10:57  Marauder  
  166  10:58  SCV  
  166  11:01  Marine  
  166  11:02  Marine x2, Marauder  
  166  11:03  Marauder  
  166  11:04  Widow Mine  
  165  11:12  Marine  
  165  11:16  Supply Depot  
  165  11:18  Widow Mine  
  166  11:19  Marauder  
  166  11:21  Marine  
  166  11:23  Marauder  
  166  11:25  Widow Mine  
  169  11:28  Marine x2, Marauder  
  169  11:29  Marine  
  172  11:39  Widow Mine  
  162  11:40  Marauder  
  162  11:41  Marine  
  162  11:45  Marauder  
  162  11:47  Marine x3  
  138  11:50  Marauder  
  138  11:54  Widow Mine  
  143  11:55  Supply Depot  
  143  11:59  Marine  
  143  12:01  Widow Mine, Marauder  
  144  12:04  Marine x2  
  144  12:05  Marine  
  144  12:06  Marauder  
  151  12:11  Marauder  
  153  12:17  Marine  
  153  12:19  Sensor Tower  
  153  12:22  Marine x2  
  154  12:23  Marauder  
  154  12:27  Widow Mine x2, Ghost  
  164  12:31  Marine  
  164  12:32  Ghost  
  164  12:37  Medivac x2  
  164  12:39  Marine  
  164  12:40  Marine x2  
  164  12:43  Ghost  
  171  12:49  Marine  
  174  12:56  Marauder  
  174  12:57  Marine  
  174  12:58  Marine, Command Center  
  178  13:01  Marauder, Marine  
  181  13:07  Marine  

Tags
 
Add a new tag
Caveats
  • Supply blocks, unpowered buildings, or Contaminate may cause inaccurate times.
  • Supply counts are checked every 10 seconds.